 Dungeon Crawl Stone Soup version 0.21-a0-352-g5b8f553 (webtiles) character file.

6 namelastname112 the Sneak (level 1, 0/11 HPs)
             Began as a Vine Stalker Assassin on Oct 11, 2017.
             Slain by a jackal (1 damage)
             ... on level 1 of the Dungeon.
             The game lasted 00:00:15 (257 turns).

namelastname112 the Sneak (Vine Stalker Assassin)    Turns: 257, Time: 00:00:16

Health: 0/11       AC:  3    Str: 13    XL:     1   Next: 90%
Magic:  0/2        EV: 12    Int: 11    God:
Gold:   21         SH:  0    Dex: 15    Spells: 0/0 levels left

rFire    . . .     SeeInvis .   a - +2 dagger
rCold    . . .     Gourm    .   (no shield)
rNeg     . . .     Faith    .   c - +0 robe
rPois    .         Spirit   +   (no helmet)
rElec    .         Reflect  .   d - +0 cloak
rCorr    .         Harm     .   (no gloves)
MR       .....                  (no boots)
Stlth    +++.......             (no amulet)
HPRegen  0.03/turn              (no ring)
MPRegen  0.08/turn              (no ring)

@: no status effects
A: fangs 2, magic shield, antimagic bite, no potion heal 3, rot immunity
a: no special abilities


You were on level 1 of the Dungeon.
You were not hungry.

You visited 1 branch of the dungeon, and saw 1 of its levels.

You collected 21 gold pieces.

Inventory:

Hand Weapons
 a - a +2 dagger (weapon)
 b - a +0 blowgun
Missiles
 e - 8 poisoned needles
 f - 2 curare-tipped needles
Armour
 c - a +0 robe (worn)
 d - a +0 cloak (worn)
Scrolls
 h - a scroll of identify {unknown}
 i - a scroll of magic mapping {unknown}
Potions
 j - a potion of ambrosia {unknown}
 l - a potion of curing {unknown}
 m - 2 potions of flight {unknown}
Comestibles
 g - 2 bread rations
 k - a meat ration


   Skills:
 + Level 1.9 Fighting
 + Level 1.9 Short Blades
 - Level 1.7 Throwing
 + Level 0.2 Armour
 + Level 0.9 Dodging
 + Level 4.9 Stealth


You couldn't memorise any spells.
You didn't know any spells.

Dungeon Overview and Level Annotations

Branches:
Dungeon (1/15)

Altars:


Innate Abilities, Weirdness & Mutations

You have extremely sharp teeth.
When hurt, damage is shared between your health and your magic reserves.
Your bite disrupts and absorbs the magic of your enemies.
Potions cannot restore your health.
You are immune to rotting.


Message History

* * * LOW HITPOINT WARNING * * *
You take 3 damage, and have 2/11 hp.
MASSIVE DAMAGE!!
You hit the jackal.
You kill the jackal!
The jackal bites you.
You now have 1/2 mp.
You closely miss the jackal. Your bite misses the jackal.
The jackal closely misses you.
You hit the jackal. Your bite misses the jackal.
The jackal is severely wounded.
The jackal bites you but does no damage.
You barely miss the jackal.
The jackal is severely wounded.
The jackal misses you.
You hit the jackal but do no damage.
The jackal is severely wounded.
The jackal bites you.
* * * LOW HITPOINT WARNING * * *
The jackal bites you.
You die...

#. #..# #######.
#..# ....... #..#
##..... #..# #.....
#..## # #.....
#..##.##### #.....
#.........####....#
#@##>.............
#h##+###'#####'#.#
#.........# #.#.#
###.........+ #.#..
#.....†.....# #.###
#...........# #....
#.......##### #####
.........# .....
..........# .....


You could see a jackal.

Vanquished Creatures
  A ball python (D:1)
  3 jackals (D:1)
  A frilled lizard (D:1)
5 creatures vanquished.

Vanquished Creatures (others)
  A goblin (D:1)
1 creature vanquished.

Grand Total: 6 creatures vanquished

Notes
Turn   | Place    | Note
-------+----------+-------------------------------------------
     0 | D:1      | namelastname112 the Vine Stalker Assassin began the quest for the Orb.
     0 | D:1      | Reached XP level 1. HP: 11/11 MP: 2/2
   257 | D:1      | Slain by a jackal

Vault maps used:
D:1:      dpeg_arrival_concentric_ovals, lemuel_flame_loot_1

Action                   || total
-------------------------++-------
Melee: Dagger            ||    18
       Bite              ||     2
Armor: Robe              ||     5
Dodge: Dodged            ||    16

Table legend:
 A = Spawn XP
 B = Non-spawn XP
 C = Spawn XP percentage of total XP
 D = Spawn monster count
 E = Non-spawn monster count
 F = Spawn count percentage of total count
 G = Total turns spent on level
                    A         B        C        D         E        F      G
               +---------+---------+-------+---------+---------+-------+---------
         Total |       0 |       9 |   0.0 |       0 |       5 |   0.0 |   257
               +---------+---------+-------+---------+---------+-------+---------
           D:1 |       0 |       9 |   0.0 |       0 |       5 |   0.0 |   257
               +---------+---------+-------+---------+---------+-------+---------
